 Dungeon Crawl Stone Soup version 0.22-a0-135-g6f012ad (webtiles) character file.

8 sankara the Digger (level 2, 15/15 HPs)
             Began as a Gargoyle Earth Elementalist on Jan 31, 2018.
             Got out of the dungeon alive.
             The game lasted 00:02:16 (512 turns).

sankara the Digger (Gargoyle Earth Elementalist)     Turns: 512, Time: 00:02:17

Health: 15/15      AC:  4    Str: 11    XL:     2   Next: 8%
Magic:  5/5        EV: 12    Int: 15    God:
Gold:   39         SH:  0    Dex: 10    Spells: 4/5 levels left

rFire    . . .     SeeInvis .   (no weapon)
rCold    . . .     Gourm    .   (no shield)
rNeg     + . .     Faith    .   c - +0 robe
rPois    ∞         Spirit   .   (no helmet)
rElec    +         Reflect  .   (no cloak)
rCorr    .         Harm     .   (no gloves)
MR       .....                  (no boots)
Stlth    ++........             (no amulet)
HPRegen  0.05/turn              (no ring)
MPRegen  0.09/turn              (no ring)

@: no status effects
A: negative energy resistance 1, electricity resistance, unbreathing,
petrification resistance, rot immunity, AC +2
a: no special abilities


You escaped.
You were not hungry.

You visited 1 branch of the dungeon, and saw 1 of its levels.

You collected 39 gold pieces.

Inventory:

Missiles
 b - 47 stones (quivered)
 f - 6 needles of sleeping
Armour
 c - a +0 robe (worn)
Scrolls
 g - a scroll of identify {unknown}
 j - a scroll of remove curse {unknown}
Potions
 a - 2 potions of curing {unknown}
 h - a potion of brilliance {unknown}
 k - a potion of berserk rage {unknown}
Books
 e - a book of Geomancy

   Spells                             Type                      Level
   a - Sandblast                      Earth                        1
   b - Passwall                       Transmutation/Earth          2
   c - Stone Arrow                    Conjuration/Earth            3
   d - Petrify                        Transmutation/Earth          4
   e - Lee's Rapid Deconstruction     Earth                        5
Comestibles
 d - 3 rations
 i - a chunk of flesh


   Skills:
 - Level 1.5 Dodging
 - Level 2.1 Stealth
 + Level 2.2 Spellcasting
   Level 0.7 Transmutations
 * Level 4.1 Earth Magic


You had 4 spell levels left.
You knew the following spells:

 Your Spells              Type           Power        Failure   Level  Hunger
a - Sandblast             Erth           ##....       4%          1    #......


Dungeon Overview and Level Annotations

Branches:
Dungeon (1/15)

Altars:


Innate Abilities, Weirdness & Mutations

You are resistant to torment.
Your stone body is resilient. (AC +2)
You are immune to poison.
You resist negative energy. (rN+)
You are resistant to electric shocks. (rElec)
You can survive without breathing.
You are immune to petrification.
You are immune to rotting.


Message History

Aiming: Sandblast (safe; 4% risk of failure)
Press: ? - help, Shift-Dir - straight line, f/p - hobgoblin
Aim: a hobgoblin, wielding a club (almost dead)
The blast of sand hits the hobgoblin.
You kill the hobgoblin!
b - 47 stones
Things that are here:
a club; a hobgoblin corpse
There is an open door here.
HP restored.
There is an open door here.
Some of the chunks of flesh in your inventory have rotted away.
There is a dry fountain here.
There is a dry fountain here.
Some of the chunks of flesh in your inventory have rotted away.
There is a staircase leading out of the dungeon here.
Are you sure you want to leave the Dungeon?
This will make you lose the game!
Alright, then stay!
Are you sure you want to leave the Dungeon?
This will make you lose the game!
You have escaped!

#......⌠.......⌠......#.#
##...................##.#
##..⌠...⌠...⌠...⌠..## .#
##...............##
##.⌠....⌠....⌠.##
##...........##
##..⌠...⌠..## ##.......##
##..@..## ##...## #####


There were no monsters in sight!

Vanquished Creatures
  A giant cockroach (D:1)
  A hobgoblin (D:1)
  A kobold (D:1)
  3 bats (D:1)
  2 rats (D:1)
8 creatures vanquished.

Notes
Turn   | Place    | Note
-------+----------+-------------------------------------------
     0 | D:1      | sankara the Gargoyle Earth Elementalist began the quest for the Orb.
     0 | D:1      | Reached XP level 1. HP: 10/10 MP: 3/3
   293 | D:1      | Reached skill level 4 in Earth Magic
   295 | D:1      | Reached XP level 2. HP: 8/15 MP: 0/5
   512 | D:$      | Got out of the dungeon alive.

Vault maps used:
D:1:      dpeg_arrival_lava_temple_mockup, wad_floor_pattern_untrapped

Skill      XL: |  1 |
---------------+----+-----
Earth Magic    | 4 |  4.1
Dodging        | |  1.5
Stealth        | |  2.1
Spellcasting   | |  2.2
Transmutations | |  0.7

Action                   || total
-------------------------++-------
Melee: Unarmed           ||    26
 Cast: Sandblast         ||     8
 Stab: Sleeping          ||     2
Armor: Robe              ||    30
Dodge: Dodged            ||    31

Table legend:
 A = Spawn XP
 B = Non-spawn XP
 C = Spawn XP percentage of total XP
 D = Spawn monster count
 E = Non-spawn monster count
 F = Spawn count percentage of total count
 G = Total turns spent on level
                    A         B        C        D         E        F      G
               +---------+---------+-------+---------+---------+-------+---------
         Total |       0 |      12 |   0.0 |       0 |       8 |   0.0 |   512
               +---------+---------+-------+---------+---------+-------+---------
           D:1 |       0 |      12 |   0.0 |       0 |       8 |   0.0 |   512
               +---------+---------+-------+---------+---------+-------+---------
